 Dungeon Crawl Stone Soup version 0.31-a0-640-g39d97e502b (webtiles) character file.

Game seed: 11902429653224133961

55 subawu the Stinger (level 3, -5/26 HPs)
             Began as a Draconian Venom Mage on Aug 28, 2023.
             Blown up by Ijyb (9 damage)
             ... with a mindburst bolt
             ... on level 3 of the Dungeon.
             The game lasted 00:13:03 (2320 turns).

subawu the Stinger (Draconian Venom Mage)           Turns: 2320, Time: 00:13:03

Health: -5/26      AC:  5    Str: 12    XL:     3   Next: 67%
Magic:  6/6        EV: 12    Int: 15    God:
Gold:   103        SH:  0    Dex: 11    Spells: 2/6 levels left

rFire   . . .        c - +0 short sword
rCold   . . .        (no shield)
rNeg    . . .        (body armour unavailable)
rPois   .            (helmet restricted)
rElec   .            (no cloak)
rCorr   .            (no gloves)
SInv    .            (no boots)
Will    .....        (no amulet)
Stlth   ++           (no ring)
HPRegen 0.24/turn    (no ring)
MPRegen 0.10/turn

%: no passive effects
@: no status effects
A: AC +5, unfitting armour, cold-blooded
a: no special abilities


You were on level 3 of the Dungeon.
You visited 1 branch of the dungeon, and saw 3 of its levels.

You collected 103 gold pieces.

Inventory:

Hand Weapons
 c - a +0 short sword (weapon)
Missiles
 l - 3 poisoned darts (quivered)
Jewellery
 f - a +6 ring of intelligence
 i - a ring of poison resistance
Scrolls
 d - 2 scrolls of immolation
 e - 3 scrolls of identify
Potions
 a - a potion of magic
 b - 2 potions of brilliance
 g - a potion of haste {unknown}
 h - a potion of berserk rage {unknown}


   Skills:
 + Level 2.2 Dodging
 + Level 2.3 Stealth
 + Level 2.4 Spellcasting
 + Level 1.7 Transmutations
 + Level 3.4 Poison Magic


You had 2 spell levels left.
You knew the following spells:

 Your Spells              Type           Power      Damage    Failure   Level
a - Sting                 Tmut/Pois      36%        1d4       8%          1
b - Poisonous Vapours     Pois/Air       12%        N/A       16%         2
c - Magic Dart            Conj           4%         1d3       22%         1

Your spell library contained the following spells:

 Spells                   Type           Power      Damage    Failure   Level
 Necrotise                Necr           4%         1d4       22%         1
 Shock                    Conj/Air       4%         1d3       22%         1
 Mephitic Cloud           Conj/Pois/Air  5%         N/A       36%         3
 Olgreb's Toxic Radiance  Pois           12%        N/A       45%         4


Dungeon Overview and Level Annotations

Branches:
Dungeon (3/15)

Altars:

Annotations:
D:3 Ijyb, Robin


Innate Abilities, Weirdness & Mutations

Your plain brown scales are hard. (AC +5)
You cannot fit into any form of body armour.
You are cold-blooded and may be slowed by cold attacks.


Message History

You feel as though you will be slow longer.
You barely miss the endoplasm. You tail-slap the endoplasm.
You kill the endoplasm!
You see here a +0 mace.
You start resting.
You feel yourself speed up.
You start resting.
HP restored.
A goblin and a hobgoblin come into view.
The hobgoblin shouts!
You hear a shout!
Ijyb the Twisted Goblin comes into view.
She is wielding a +0 club and carrying a wand of mindburst.
The goblin shouts!
Ijyb shouts!
You hear a shout!
Robin of the Strong Arm comes into view.
They are wielding a +0 club.
Okay, then.
A hobgoblin and a goblin come into view.
The goblin shouts!
A hobgoblin comes into view.
The goblin misses you.
The hobgoblin moves out of view.
You closely miss the goblin.
You tail-slap the goblin, but do no damage.
Robin roars a battlecry!
The goblins go into a battle-frenzy!
You hit Ijyb but do no damage.
A bat comes into view.
You barely miss Ijyb. Ijyb closely misses you.
You hit Ijyb but do no damage. Ijyb completely misses you.
Robin throws the goblin at you! The goblin hits you with a +0 club.
You completely miss Ijyb.
Your tail-slap misses Ijyb.
You hear the slow rusting of a drain nearby.
Ijyb closely misses you. The goblin barely misses you.
You closely miss Ijyb. You tail-slap Ijyb, but do no damage.
Ijyb barely misses you. The goblin completely misses you.
You barely miss Ijyb.
Ijyb screams, "No!
No, no, no, no!"
Ijyb zaps a wand.
Your mind is blasted!
Ouch! That really hurt!
The goblin hits you with a +0 club.
* * * LOW HITPOINT WARNING * * *
You hit Ijyb but do no damage.
Ijyb zaps a wand.
Your mind is blasted!
You die...

##...### #)##
#.....## ###.#
#.###.####...#
#####......###
#.....######
####.....# .
#....#.### ...
#...##.....####g....
#... ###.#.g@gggg...
..... #.######gb...
...... #.# ... ##.#.
#.# . #.# #.# #..
##.


You could see Ijyb (strong), Robin, 3 hobgoblins, 2 goblins and a bat.

Vanquished Creatures
  An adder (D:2)
  An orc (D:3)
  7 ball pythons
  3 bats
  4 endoplasms
  2 giant cockroaches
  3 hobgoblins
  2 quokkas
  5 frilled lizards
  4 goblins (D:2)
  5 kobolds
  8 rats
45 creatures vanquished.

Notes
Turn   | Place    | Note
-------+----------+-------------------------------------------
     0 | D:1      | subawu the Draconian Venom Mage began the quest for the
                  | Orb.
     0 | D:1      | Reached XP level 1. HP: 14/14 MP: 3/3
   443 | D:1      | Reached XP level 2. HP: 1/20 MP: 5/5
  1617 | D:2      | Reached XP level 3. HP: 23/26 MP: 1/6
  1913 | D:2      | Learned a level 2 spell: Poisonous Vapours
  2252 | D:3      | Identified a scroll of acquirement
  2252 | D:3      | Acquired Beginning Sorcery
  2258 | D:3      | Learned a level 1 spell: Magic Dart
  2308 | D:3      | Noticed Ijyb
  2309 | D:3      | Noticed Robin
  2320 | D:3      | Blown up by Ijyb

Illustrated notes

Levels and vault maps discovered:
D:1:      minmay_arrival_four_loops, layout_loops_ring, st_stairs_3
D:2:      layout_loops_cross
D:3:      minmay_diamond_boxcup, layout_rooms, fedhas_altar_2,
          portal_sewer_entry_c, nicolae_goblin_pals

Skill      XL: |  1  2 |
---------------+-------+-----
Stealth        | 2 |  2.3
Dodging        | 2 |  2.2
Spellcasting   | |  2.4
Transmutations | |  1.7
Poison Magic   | |  3.4

Action                     || total
---------------------------++-------
  Melee: Unarmed           ||    15
         Short sword       ||   101
         Tailslap          ||    11
         Punch             ||     1
   Cast: Sting             ||    38
         Poisonous Vapours ||     2
    Use: Scroll            ||     4
 Armour: Skin              ||    43
  Dodge: Dodged            ||   115

Table legend: (Time is in decaauts)
 A = Elapsed time spent in this place.
 B = Non-inter-level travel time spent in this place.
 C = Inter-level travel time spent in this place.
 D = Time resting spent in this place.
 E = Time spent auto-exploring this place.
 F = Levels seen in this place.
 G = Mean time per level.
                   A        B        C        D        E       F      G
               +--------+--------+--------+--------+--------+-----+--------+
         Total |   2328 |   2192 |    136 |    630 |    972 |   3 |  776.0 |
       Dungeon |   2328 |   2192 |    136 |    630 |    972 |   3 |  776.0 |
               +--------+--------+--------+--------+--------+-----+--------+

Top non-repeatable levels by time:
     D:1: 1175 daAuts
     D:2: 1048 daAuts
     D:3: 103 daAuts
